 Dungeon Crawl Stone Soup version 0.31.0-9-g3a7656b989 (webtiles) character file.

Game seed: 13323891453937968185

18201 Peloso the Fencer (level 12, -5/110 HPs)
             Began as a Minotaur Fighter on Feb 6, 2024.
             Was a High Priest of Okawaru.
             Slain by a nine-headed hydra (11 damage)
             ... on level 8 of the Dungeon.
             The game lasted 00:21:11 (11761 turns).

Peloso the Fencer (Minotaur Fighter)               Turns: 11761, Time: 00:21:12

Health: -5/110     AC: 15    Str: 21    XL:     12   Next: 25%
Magic:  11/11      EV: 12    Int:  5    God:    Okawaru [*****.]
Gold:   766        SH:  7    Dex: 21    Spells: 11/11 levels left

rFire   + . .        b - +2 broad axe (flame)
rCold   . . .        d - +0 buckler
rNeg    . . .        w - +3 chain mail {Will+}
rPois   .            (helmet restricted)
rElec   .            (no cloak)
rCorr   .            (no gloves)
SInv    .            (no boots)
Will    +....        k - amulet of regeneration Stlth
                     h - +6 ring of dexterity
HPRegen 1.18/turn    g - ring of protection from fire
MPRegen 0.12/turn

%: no passive effects
@: mighty
A: horns 2, retaliatory headbutt
a: Renounce Religion, Heroism, Finesse, Duel


You were on level 8 of the Dungeon.
You worshipped Okawaru.
Okawaru was extremely pleased with you.
You visited 2 branches of the dungeon, and saw 13 of its levels.

You collected 766 gold pieces.

Inventory:

Hand Weapons
 a - a +4 scimitar of protection
 b - a +2 broad axe of flaming (weapon)
Armour
 c - a +1 scale mail
 d - a +0 buckler (worn)
 w - a +3 chain mail of willpower (worn)
 M - quicksilver dragon scales
Jewellery
 g - a ring of protection from fire (right hand)
 h - a +6 ring of dexterity (left hand)
 j - an amulet of guardian spirit
 k - an amulet of regeneration (around neck)
 n - a ring of willpower
 J - a ring of poison resistance
 K - a ring of positive energy
Wands
 s - a wand of polymorph (8)
 t - a wand of flame (16)
 C - a wand of mindburst (16)
 F - a wand of digging (1)
 H - a wand of roots (6)
Scrolls
 f - 6 scrolls of enchant armour
 i - 5 scrolls of fear
 l - a scroll of acquirement
 m - 3 scrolls of teleportation
 q - a scroll of poison
 u - a scroll of brand weapon
 x - 5 scrolls of blinking
 y - a scroll of revelation {unknown}
 B - a scroll of torment
 E - 2 scrolls of amnesia {unknown}
 G - a scroll of enchant weapon {unknown}
 L - a scroll of immolation
 O - a scroll of silence {unknown}
Potions
 e - a potion of enlightenment
 o - 2 potions of brilliance
 p - 2 potions of curing
 r - 3 potions of might
 v - a potion of mutation
 A - a potion of berserk rage {unknown}
 D - a potion of heal wounds
 N - 2 potions of degeneration {unknown}


   Skills:
 + Level 11.2 Fighting
 + Level 15.0 Long Blades
 + Level 0.7 Axes
 + Level 12.3 Armour
 + Level 5.5 Dodging
 + Level 2.1 Stealth
 + Level 9.2 Shields
 + Level 0.3 Invocations


You had 11 spell levels left.
You didn't know any spells.
Your spell library contained the following spells:

 Spells                   Type           Power      Damage    Failure   Level
 Foxfire                  Conj/Fire      0%         2x1d4     96%         1
 Necrotise                Necr           0%         1d4       96%         1
 Jinxbite                 Hex            0%         N/A       99%         2
 Static Discharge         Conj/Air       0%         3-3/arc   99%         2
 Frozen Ramparts          Ice            0%         1d1       100%        3
 Vampiric Draining        Necr           0%         2d6       100%        3
 Airstrike                Air            0%         2d(0-16)  100%        4
 Leda's Liquefaction      Alch/Erth      0%         N/A       100%        4
 Passage of Golubria      Tloc           0%         N/A       100%        4
 Petrify                  Alch/Erth      0%         N/A       100%        4
 Curse of Agony           Necr           0%         N/A       100%        5
 Metabolic Englaciation   Hex/Ice        0%         N/A       100%        5
 Yara's Violent Unravell  Hex/Alch       0%         3d3       100%        5
 Plasma Beam              Fire/Air       0%         2x1d10    100%        6
 Starburst                Conj/Fire      0%         6d3       100%        6
 Enfeeble                 Hex            0%         N/A       100%        7
 Tukima's Dance           Hex            Unusable   N/A       N/A         3
 Martyr's Knell           Necr/Summ      Unusable   N/A       N/A         4
 Summon Lightning Spire   Summ/Air       Unusable   N/A       N/A         4

Dungeon Overview and Level Annotations

Branches:
Dungeon (11/15)            Temple (0/1) D:5            Lair (2/5) D:9
    Orc (0/2) D:9
  Swamp: Lair:2-3    Shoals: Lair:2-3     Snake: Lair:2-3    Spider: Lair:2-3

Altars:
Ashenzari
Cheibriados
Dithmenos
Gozag
Nemelex Xobeh
Okawaru
Sif Muna
Yredelemnul
Zin

Shops:
D:5 =[:(   D:10 (   D:11 ?

Annotations:
D:7 Dig


Innate Abilities, Weirdness & Mutations

You have a pair of horns on your head.
You reflexively headbutt those who attack you in melee.


Message History

* * * LOW HITPOINT WARNING * * *
The ten-headed hydra closely misses you.
The ten-headed hydra bites you but does no damage.
You feel much better.
The ten-headed hydra closely misses you.
The ten-headed hydra bites you!
The ten-headed hydra closely misses you.
The ten-headed hydra misses you.
The ten-headed hydra bites you but does no damage. x2
You block the ten-headed hydra's attack.
The ten-headed hydra bites you but does no damage.
The ten-headed hydra bites you. x2
You hack one of the ten-headed hydra's heads off!
The flame cauterises the wound!
You slice the nine-headed hydra!! You burn the nine-headed hydra!
You headbutt the nine-headed hydra!
The nine-headed hydra is almost dead.
The nine-headed hydra bites you but does no damage.
The nine-headed hydra bites you!
* * * LOW HITPOINT WARNING * * *
The nine-headed hydra barely misses you.
The nine-headed hydra bites you.
* * * LOW HITPOINT WARNING * * *
The nine-headed hydra bites you!
* * * LOW HITPOINT WARNING * * *
The nine-headed hydra closely misses you.
You block the nine-headed hydra's attack.
The nine-headed hydra barely misses you.
The nine-headed hydra bites you.
* * * LOW HITPOINT WARNING * * *
The nine-headed hydra bites you!
* * * LOW HITPOINT WARNING * * *
The nine-headed hydra bites you but does no damage.
You block the nine-headed hydra's attack.
The nine-headed hydra bites you.
* * * LOW HITPOINT WARNING * * *
The nine-headed hydra closely misses you.
The nine-headed hydra bites you but does no damage.
The nine-headed hydra closely misses you. x2
The nine-headed hydra bites you!
You die...

............##.......##.#.###....
.......#....##.......##..........
......(#....##.......##..........
."[..###....##.......##..........
.....# #....##..[....##..........
.....# #.............##..........
.....# #......#####.###..........
.....# ###....#####.###[.........
....## #....##@D.............(.
....# #....####'''##..........
....# #....###.....##.....####
....# #....# ♣!.....#.....')))
....# #....# ♣..)...#.....####
....# #######~!....♣####### ....#
##P....# ....# ##♣♣♣## ### ....#
#.#


You could see a nine-headed hydra.

Vanquished Creatures
  A hydra (D:8)
  The ghost of Glamhuggeren the Grappler, a novice DrSh of Nemelex Xobeh (D:8)
  A flayed ghost (D:10)
  The ghost of fly the Covert, a novice KoDe of Uskayaw (D:6)
  A cyclops (D:11)
  3 black mambas (Lair:2)
  Joseph (D:8)
  3 cane toads
  An unseen horror (D:10)
  3 rime drakes (Lair:1)
  2 komodo dragons
  2 trolls (D:11)
  A hornet (D:10)
  A polar bear (Lair:2)
  3 blink frogs (Lair:1)
  5 wyverns
  2 basilisks
  23 yaks
  3 steam dragons
  3 vampire mosquitoes (D:10)
  An unseen horror simulacrum (D:10)
  Menkaure (D:6)
  An acid dragon (D:11)
  Duvessa (D:7)
  7 water moccasins
  4 orc warriors
  A sky beast (D:5)
  2 black bears
  2 ogres
  A phantom (D:6)
  5 centaurs
  Blork the orc (D:6)
  2 kobold brigands (D:10)
  10 bullfrogs
  3 scorpions
  A gnoll sergeant (D:11)
  9 wights
  Dowan (D:7)
  9 killer bees
  3 howler monkeys
  A hound (D:6)
  3 bombardier beetles
  A jelly (D:6)
  2 gnoll boudas
  6 orc priests
  A sleepcap (D:4)
  2 iguanas
  6 orc wizards
  17 gnolls
  19 adders
  A white imp (D:8)
  3 ufetubi (D:6)
  5 ribbon worms
  35 orcs
  6 endoplasms
  3 giant cockroaches
  9 goblins
  9 hobgoblins
  17 kobolds
  4 quokkas
  9 ball pythons
  4 bats
  3 frilled lizards
  2 rats
294 creatures vanquished.

Notes
Turn   | Place    | Note
-------+----------+-------------------------------------------
     0 | D:1      | Peloso the Minotaur Fighter began the quest for the Orb.
     0 | D:1      | Reached XP level 1. HP: 19/19 MP: 0/0
   166 | D:1      | You fall into a shaft and drop 1 floor!
   181 | D:2      | Reached XP level 2. HP: 25/27 MP: 1/1
   257 | D:2      | Reached XP level 3. HP: 19/34 MP: 2/2
   551 | D:2      | Found a sparkling altar of Nemelex Xobeh.
   633 | D:2      | Reached XP level 4. HP: 41/41 MP: 3/3
   713 | D:3      | Reached skill level 3 in Long Blades
   730 | D:3      | Reached skill level 5 in Armour
  1314 | D:1      | Reached skill level 1 in Dodging
  1713 | D:3      | Reached XP level 5. HP: 47/47 MP: 4/4
  1913 | D:3      | Reached skill level 4 in Long Blades
  2111 | D:3      | Found a snail-covered altar of Cheibriados.
  2126 | D:3      | Reached XP level 6. HP: 40/55 MP: 5/5
  2474 | D:4      | Reached skill level 5 in Fighting
  2769 | D:4      | Reached skill level 5 in Long Blades
  3286 | D:4      | Reached XP level 7. HP: 60/61 MP: 6/6
  3629 | D:4      | Identified a scroll of acquirement
  3660 | D:5      | Entered Level 5 of the Dungeon
  3739 | D:5      | HP: 2/61 [ogre/+0 giant spiked club (15)]
  3741 | D:5      | Reached skill level 6 in Long Blades
  4218 | D:5      | Found an iron altar of Okawaru.
  4236 | D:5      | Became a worshipper of Warmaster Okawaru
  4439 | D:5      | Found a staircase to the Ecumenical Temple.
  4484 | D:5      | Found Liqes's Book Boutique.
  4486 | D:5      | Found Ynaor's Weapon Shop.
  4486 | D:5      | Found Cankui Coomp's Jewellery Emporium.
  4488 | D:5      | Found Reczen's Antique Armour Shoppe.
  5090 | D:6      | Reached XP level 8. HP: 70/70 MP: 7/7
  5121 | D:6      | Reached skill level 7 in Long Blades
  5218 | D:6      | Noticed Blork the orc
  5222 | D:6      | Killed Blork the orc
  5222 | D:6      | Reached * piety under Okawaru
  5223 | D:6      | Reached skill level 5 in Shields
  5441 | D:6      | Reached skill level 1 in Stealth
  5585 | D:6      | Reached skill level 8 in Long Blades
  5650 | D:6      | Noticed Menkaure
  5655 | D:6      | Killed Menkaure
  5829 | D:6      | Reached ** piety under Okawaru
  5898 | D:6      | Found a runed translucent door.
  5909 | D:6      | Noticed fly's ghost (novice KoDe)
  5941 | D:7      | Reached XP level 9. HP: 78/78 MP: 8/8
  5945 | D:7      | Noticed Dowan
  5986 | D:6      | Reached skill level 9 in Long Blades
  6005 | D:7      | Killed Dowan
  6008 | D:7      | Noticed Duvessa
  6027 | D:7      | Killed Duvessa
  6210 | D:7      | Noticed a komodo dragon
  6479 | D:8      | Found a broken altar of Ashenzari.
  6530 | D:8      | Found a basalt altar of Yredelemnul.
  6642 | D:8      | Reached skill level 10 in Long Blades
  6729 | D:8      | Found a shadowy altar of Dithmenos.
  6733 | D:8      | Found a runed translucent gate.
  6733 | D:8      | Found a runed translucent gate.
  6733 | D:8      | Found a runed translucent gate.
  6735 | D:8      | Noticed an 11-headed hydra
  6735 | D:8      | Noticed an 11-headed hydra
  6735 | D:8      | Noticed Glamhuggeren's ghost (novice DrSh)
  6755 | D:8      | Found the amulet of Elemental Vulnerability {rPois rF--
                  | rC-- AC+8}
  6855 | D:8      | Found a glowing silver altar of Zin.
  6909 | D:8      | Reached *** piety under Okawaru
  6914 | D:8      | Noticed Joseph
  6922 | D:8      | Killed Joseph
  6932 | D:8      | Found an opulent altar of Gozag.
  7082 | D:8      | Reached skill level 11 in Long Blades
  7303 | D:9      | Reached XP level 10. HP: 71/88 MP: 9/9
  7308 | D:9      | Reached **** piety under Okawaru
  7309 | D:9      | Reached skill level 10 in Armour
  7350 | D:9      | Found a staircase to the Lair.
  7359 | D:9      | Identified the +7 rapier of Lenytan {elec, Fly rElec rC+
                  | Str-4}
  7663 | D:9      | Reached skill level 12 in Long Blades
  7793 | D:9      | Found a staircase to the Orcish Mines.
  7857 | D:9      | Reached ***** piety under Okawaru
  8015 | D:10     | Entered Level 10 of the Dungeon
  8087 | D:10     | Received a gift from Okawaru
  8130 | D:10     | Found Darymmopu's Antique Weapon Shop.
  8602 | D:10     | Reached skill level 13 in Long Blades
  8675 | D:10     | Found a shimmering blue altar of Sif Muna.
  8813 | D:10     | Noticed a flayed ghost
  8822 | D:10     | Killed a flayed ghost
  8823 | D:10     | Reached XP level 11. HP: 95/95 MP: 7/10
  9114 | Lair:1   | Entered Level 1 of the Lair of Beasts
  9451 | Lair:1   | Reached skill level 14 in Long Blades
  9603 | Lair:1   | Received a gift from Okawaru
  9786 | Lair:1   | Reached skill level 5 in Dodging
 10122 | Lair:2   | Reached skill level 10 in Fighting
 10353 | Lair:2   | Reached ****** piety under Okawaru
 10353 | Lair:2   | Received a gift from Okawaru
 10996 | D:10     | Reached XP level 12. HP: 99/108 MP: 11/11
 11103 | D:11     | Found Dicikuwn's Magic Scroll Emporium.
 11649 | D:6      | Killed fly's ghost
 11754 | D:8      | Killed Glamhuggeren's ghost
 11757 | D:8      | Killed a nine-headed hydra
 11757 | D:8      | Received a gift from Okawaru
 11758 | D:8      | Reached skill level 15 in Long Blades
 11761 | D:8      | Slain by a nine-headed hydra

Illustrated notes

Levels and vault maps discovered:
D:1:      kennysheep_arrival_forest, layout_loops_cross, dreamdust_wishing_well,
          corexii_leaking_fountain
D:2:      cheibrodos_old_hovel, layout_rooms, basic_altar,
          nicolae_kite_square_tiling_tiny
D:3:      layout_loops_ring, slow_altar_1
D:4:      layout_basic, minmay_starry_boxes
D:5:      layout_cave_pools, mainiacjoe_overflow_cross_hatched,
          lemuel_temple_firewalk_b, nicolae_wooded_promenade, nicolae_tricolors
D:6:      layout_basic, ebering_ghost_reflecting_pool, billiards_dpeg,
          uniq_menkaure, uniq_blork_the_orc
D:7:      layout_rooms, lightli_corner_chamber, uniq_duvessa
D:8:      layout_basic, pdpol_temple_overflow_zin_treasury_gozag_greed,
          general_overflow_altar, mainiacjoe_overflow_catwalk_spiral,
          gammafunk_ghost_hydra_chop, uniq_joseph
D:9:      layout_loops_ring, minmay_lair_entry_grove
D:10:     layout_layer_cave, nicolae_overflow_hidden_temple, serial_shops,
          nicolae_shop_tiny_waterfront, minmay_three_doors
D:11:     layout_roguey, serial_shops, nicolae_take_the_stairs
Lair:1:   layout_gridlike, grunt_megastairs_5
Lair:2:   layout_roguey, serial_forest, infiniplex_forest_corner_1,
          infiniplex_forest_zigzag_1, infiniplex_forest_clump_medium,
          infiniplex_forest_straight_5, infiniplex_forest_lined_3,
          infiniplex_forest_clump_C, infiniplex_forest_straight_3,
          infiniplex_forest_straight_3

Skill      XL: |  1  2  3  4  5  6  7  8  9 10 11 12 |
---------------+-------------------------------------+-----
Fighting       | 4 5 6 7 8 10 11 | 11.2
Armour         | 4 5 6 7 8 9 10 11 12 | 12.3
Long Blades    | 3 4 5 6 8 11 13 14 15 | 15.0
Shields        | 4 5 6 7 8 9 |  9.2
Dodging        | 1 2 3 5 |  5.5
Stealth        | 1 2 |  2.1
Axes           | |  0.7
Invocations    | |  0.3

Action                     |  1- 3 |  4- 6 |  7- 9 | 10-12 || total
---------------------------+-------+-------+-------+-------++-------
  Melee: Long sword        |    62 |   163 |    67 |       ||   292
         Headbutt          |     8 |    31 |    60 |   108 ||   207
         Scimitar          |       |       |   169 |   404 ||   573
         Broad axe         |       |       |       |     8 ||     8
 Invoke: Heroism           |       |       |       |     4 ||     4
    Use: Potion            |       |     4 |       |     4 ||     8
         Scroll            |       |     3 |     9 |     3 ||    15
 Armour: Scale mail        |    58 |   112 |    33 |       ||   203
         Plate armour      |       |       |   123 |       ||   123
         Chain mail        |       |       |    69 |   317 ||   386
  Dodge: Dodged            |    30 |    73 |   104 |   178 ||   385
  Block: Buckler           |    17 |    39 |    84 |   141 ||   281
